 Dungeon Crawl Stone Soup version 0.20.1-1-g8b1a95d (webtiles) character file.

525 taka the Skirmisher (level 7, 0/56 HPs)
             Began as a Human Wanderer on Aug 20, 2017.
             Slain by Edmund
             ... wielding a +1 flail of crushing
              (2 damage)
             ... on level 4 of the Dungeon.
             The game lasted 00:13:53 (3523 turns).

taka the Skirmisher (Human Wanderer)                Turns: 3523, Time: 00:13:54

Health: 0/56       AC:  8    Str: 16    XL:     7   Next: 47%
Magic:  10/10      EV:  7    Int: 12    God:
Gold:   139        SH:  0    Dex: 11    Spells: 10/10 levels left

rFire    . . .     SeeInvis .   i - +2 whip (flame)
rCold    + . .     Gourm    .   (no shield)
rNeg     . . .     Faith    .   a - +2 scale mail
rPois    .         Spirit   .   (no helmet)
rElec    .         Reflect  .   (no cloak)
rCorr    .         Harm     .   (no gloves)
MR       .....                  (no boots)
Stlth    ..........             (no amulet)
Regen    0.2/turn               q - ring of protection from cold
MPRegen  0.2/turn               (no ring)

@: lethally poisoned (0 -> -2), constricted, drained
A: no striking features
a: no special abilities


You were on level 4 of the Dungeon.
You were hungry.

You visited 1 branch of the dungeon, and saw 4 of its levels.

You collected 139 gold pieces.

Inventory:

Hand Weapons
 b - a +0 mace
 i - a +2 whip of flaming (weapon)
Armour
 a - a +2 scale mail (worn)
 g - the +1 buckler of the Great Game {-Tele rElec rN+ MP+9, unknown}
   (You found it on level 4 of the Dungeon)

   It insulates you from electricity.
   It protects you from negative energy.
   It affects your magic capacity (+9).
   It prevents most forms of teleportation.
 r - a +0 plate armour
Jewellery
 q - a ring of protection from cold (left hand)
Scrolls
 c - 2 scrolls of teleportation
 e - 6 scrolls of identify {unknown}
 f - 4 scrolls of magic mapping {unknown}
 h - a scroll of remove curse {unknown}
 l - 3 scrolls of recharging {unknown}
 m - 2 scrolls of amnesia {unknown}
 n - a scroll of immolation {unknown}
 p - a scroll of fear {unknown}
Comestibles
 d - 3 bread rations
 j - 2 meat rations
 k - 2 royal jellies


   Skills:
 + Level 5.2(4.8) Fighting
 + Level 4.9(4.5) Maces & Flails
 + Level 3.7(3.3) Armour
 + Level 2.0(1.6) Dodging
 + Level 0.4(0.1) Stealth
 + Level 1.0(0.6) Shields
 * Level 2.1(1.8) Spellcasting
   Level 1.0(0.6) Evocations


You had 10 spell levels left.
You didn't know any spells.

Dungeon Overview and Level Annotations

Branches:
Dungeon (4/15)
 Temple: D:4-7

Altars:
Elyvilon
Zin

Annotations:
D:3 Sigmund
D:4 Edmund, Grinder


Message History

You feel sick.
The jackal bites you but does no damage.
The jackal barely misses you.
Edmund hits you with a flail of crushing.
* * * LOW HITPOINT WARNING * * *
x2 The ball python bites you but does no damage. x2
The ball python constricts you.
The jackal bites you but does no damage.
The adder bites you but does no damage. The jackal bites you.
* * * LOW HITPOINT WARNING * * *
You closely miss the adder.
The adder is heavily wounded.
The jackal bites you but does no damage.
The jackal completely misses you.
The ball python bites you but does no damage.
The ball python constricts you. The ball python barely misses you.
The adder closely misses you.
Edmund says, "I might not be good at magic, but I can still kill you!"
Edmund hits you with a flail of crushing.
You die...

##.........
#####...........
................
#.<........
#.........a
#....(.....
#..........
.######%hSh......
........@@S..#..
..#####.S.h.=# .
######.# .# # ...
#... ......#
#...h...####


You could see Edmund, a worker ant (wandering), an adder, 3 jackals and 2 ball
pythons.

Vanquished Creatures
  A hippogriff (D:2)
  4 wights
  A worker ant (D:4)
  5 adders
  3 oozes
  4 worms
  6 leopard geckos
  6 orcs
  2 ball pythons
  7 giant cockroaches
  4 goblins
  4 hobgoblins
  4 jackals
  4 kobolds
  2 quokkas
  7 bats
  4 frilled lizards
  10 rats
78 creatures vanquished.

Notes
Turn   | Place    | Note
-------+----------+-------------------------------------------
     0 | D:1      | taka the Human Wanderer began the quest for the Orb.
     0 | D:1      | taka set off with: a +2 scale mail, a +0 mace, a scroll of teleportation, a bread ration
     0 | D:1      | Reached XP level 1. HP: 19/19 MP: 1/1
   453 | D:1      | Reached XP level 2. HP: 25/25 MP: 2/2
   829 | D:1      | Reached XP level 3. HP: 28/30 MP: 3/3
  1475 | D:2      | Reached XP level 4. HP: 28/38 MP: 4/4
  1861 | D:2      | Found a white marble altar of Elyvilon.
  2044 | D:2      | Found a glowing silver altar of Zin.
  2131 | D:3      | Reached XP level 5. HP: 35/43 MP: 6/6
  2144 | D:3      | Noticed Sigmund
  2225 | D:2      | Noticed a hippogriff
  2241 | D:2      | Killed a hippogriff
  2241 | D:2      | Reached skill level 1 in Dodging
  2241 | D:2      | Reached skill level 1 in Spellcasting
  2241 | D:2      | Reached XP level 6. HP: 20/50 MP: 6/8
  2792 | D:2      | You fall through a shaft for 2 floors!
  2793 | D:4      | Noticed Grinder
  2902 | D:4      | Reached XP level 7. HP: 20/55 MP: 8/10
  3191 | D:3      | Reached skill level 5 in Fighting
  3501 | D:4      | Noticed Edmund
  3508 | D:4      | Got a steaming buckler
  3522 | D:4      | HP: 2/56 [jackal (2)]
  3523 | D:4      | Slain by Edmund

Skill      XL: |  1  2  3  4  5  6  7 |
---------------+----------------------+-----
Armour         | 2 3 |  3.7
Maces & Flails | 4 |  4.9
Dodging        | 1 2 |  2.0
Spellcasting   | 1 2 |  2.1
Fighting       | 5 |  5.2
Stealth        | |  0.4
Shields        | |  1.0
Evocations     | |  1.0

Action                   |  1- 3 |  4- 6 |  7- 9 || total
-------------------------+-------+-------+-------++-------
Melee: Mace              |   109 |       |       ||   109
       Whip              |    30 |   158 |    69 ||   257
  Use: Potion            |       |     1 |     1 ||     2
  Eat: Chunk             |     2 |     4 |     2 ||     8
Armor: Scale mail        |    91 |    61 |    54 ||   206
       Skin              |       |    31 |    19 ||    50
Dodge: Dodged            |    60 |    78 |    42 ||   180
